 Dungeon Crawl Stone Soup version 0.24.1 (webtiles) character file.

Game seed: 9696052586112142288, levelgen mode: deterministic

821 miau the Sneak (level 7, -13/30 HPs)
             Began as a Felid Conjurer on Mar 21, 2020.
             Was a Follower of Vehumet.
             Shot with a sling bullet by Joseph (17 damage)
             ... on level 7 of the Dungeon on Mar 22, 2020.
             The game lasted 02:03:22 (12258 turns).

miau the Sneak (Felid Conjurer)                    Turns: 12258, Time: 02:03:22

Health: -13/30     AC:  2    Str:  6    XL:     7   Next: 63%
Magic:  14/17      EV: 21    Int: 17    God:    Vehumet [*.....]
Gold:   446        SH:  0    Dex: 18    Spells: 7/18 levels left
                                        Lives:  0   Deaths: 2

rFire    . . .     SeeInvis +     - Unarmed
rCold    . . .     Gourm    .   (shield unavailable)
rNeg     . . .     Faith    .   (armour unavailable)
rPois    +         Spirit   .   (helmet unavailable)
rElec    .         Reflect  .   (cloak unavailable)
rCorr    .         Harm     .   (gloves unavailable)
MR       +....                  (boots unavailable)
Stlth    +++.......             p - amulet of regeneration
HPRegen  0.50/turn              f - +2 ring of dexterity
MPRegen  0.15/turn              n - ring of attention (curse)

@: quick
A: very small, no armour, no weapons or thrown items, stealth, claws 1, fangs 3,
see invisible, carnivore, speed 1, frail 1, poison resistance, shaggy fur 2,
slow metabolism 1, sharp paws
a: Renounce Religion


You were on level 7 of the Dungeon.
You worshipped Vehumet.
Vehumet was aware of your devotion.
You were not hungry.

You visited 2 branches of the dungeon, and saw 9 of its levels.

You collected 446 gold pieces.

Inventory:

Jewellery
 f - a +2 ring of dexterity (left paw)
 h - a +2 ring of slaying
 l - an uncursed amulet of guardian spirit
 n - a cursed ring of attention (right paw)
 p - an amulet of regeneration (around neck)
Wands
 j - a wand of paralysis (6)
Scrolls
 a - 2 scrolls of magic mapping
 d - 5 scrolls of teleportation
 e - 8 scrolls of identify
 g - 3 scrolls of remove curse
 o - a scroll of blinking
 q - a scroll of amnesia
 s - 2 scrolls of fear
Potions
 c - 2 potions of berserk rage
 i - 4 potions of curing
 k - a potion of lignification
 m - a potion of haste
 r - a potion of heal wounds
Comestibles
 b - 20 rations


   Skills:
 + Level 5.8 Fighting
 - Level 5.0 Dodging
 - Level 7.0 Stealth
 - Level 1.0 Unarmed Combat
 * Level 6.3 Spellcasting
 * Level 6.5 Conjurations
 - Level 2.0 Hexes
 - Level 1.0 Evocations


You had 7 spell levels left.
You knew the following spells:

 Your Spells              Type           Power        Failure   Level  Hunger
c - Dazzling Spray        Conj/Hex       ###...       6%          3    ##.....
i - Iskenderun's Mystic   Conj           ####....     9%          4    ####...
s - Sting                 Conj/Pois      ###.         3%          1    None
x - Searing Ray           Conj           ####..       1%          2    None
z - Magic Dart            Conj           ####         1%          1    None

Your spell library contained the following spells:

 Spells                   Type           Power        Failure   Level  Hunger
 Fulminant Prism          Conj/Hex       ###.......   22%         4    ####...
 Force Lance              Conj/Tloc      ###.....     32%         4    ####...


Dungeon Overview and Level Annotations

Branches:
Dungeon (8/15)             Temple (1/1) D:4
   Lair: D:8-11

Altars:
Ashenzari
Cheibriados
Dithmenos
Elyvilon
Fedhas
Gozag
Hepliaklqana
Kikubaaqudgha
Makhleb
Nemelex Xobeh
Ru
Sif Muna
Trog
Vehumet
Wu Jian
Yredelemnul

Shops:
D:6 [

Annotations:
D:7 3 runed translucent doors, exclusion: 3 doors, Akano's ghost, novice DDFi; Joseph


Innate Abilities, Weirdness & Mutations

You cannot wear armour.
You are incapable of wielding weapons or throwing items.
Your paws allow you to move quietly. (Stealth)
You have sharp claws.
You have razor-sharp teeth.
You have supernaturally acute eyesight. (SInv)
You are carnivorous and can eat meat at any time.
You cover ground quickly.
You are covered in thick fur. (AC +2)
You have a slow metabolism.
Your sharp claws are effective at attacking unaware monsters.
You are frail. (-10% HP)
Your system is resistant to poisons. (rPois)


Message History

You see here 18 stones.
Casting: Searing Ray (safe; 1% risk of failure)
Confirm with . or Enter, or press ? or * to list all spells.
You can't see any susceptible monsters within range! (Use Z to cast anyway.) Joseph shouts!
Joseph shoots a sling bullet.
The sling bullet hits you!!
Ouch! That really hurt!
The sling bullet burns you!
* * * LOW HITPOINT WARNING * * *
You see here a sling bullet.
Casting: Searing Ray (safe; 1% risk of failure)
Confirm with . or Enter, or press ? or * to list all spells.
Aiming: Dazzling Spray (safe; 6% risk of failure)
Press: ? - help, Shift-Dir - straight line, f - Joseph
Aim: Joseph, wielding a +2 hunting sling of flaming and wearing a +0 leather armour The spray of energy hits Joseph.
Joseph is lightly wounded.
Joseph is dazzled.
Joseph shoots a sling bullet.
The sling bullet hits you!
Ouch! That really hurt!
You die...

########## ###.....
#........###.#.#...
#.######.##....#.#. #.#
#.........#. #.#
####....###. #(## ##.#.#
#. #..###### #.#.###.
##(.(..(# #.#.....
####@.....# ##'######
#....###..###...##
#......#..##.....##
####......#(@#.......##
#......_..(...........##
#..@#......##.....<...'.
#...#......##.........##
#...###....###.......##
#.......#### ##.....##


You could see Joseph (blind).

Vanquished Creatures
  4 hogs
  A hungry ghost (D:7)
  A water moccasin (D:4)
  2 phantoms
  A black bear (D:7)
  An ogre (D:4)
  A sky beast (D:7)
  2 bullfrogs
  3 scorpions
  2 crimson imps
  2 jellies (D:6)
  An orc priest (D:4)
  A hound (D:7)
  7 orc wizards
  Crazy Yiuf (D:5)
  An iguana (D:7)
  2 worker ants
  Ijyb (D:4)
  A killer bee zombie (D:6)
  Robin (D:2)
  7 gnolls (D:3)
  A worker ant zombie (D:7)
  7 adders
  A howler monkey skeleton (D:6)
  An ooze (D:3)
  2 adder skeletons
  A worm (D:2)
  4 leopard geckos
  26 orcs
  4 giant cockroaches
  7 hobgoblins
  4 jackals (D:1)
  3 quokkas
  A ball python (D:2)
  11 bats
  5 frilled lizards
  19 goblins
  A jackal skeleton (D:4)
  3 kobolds
  A quokka skeleton (D:4)
  10 rats
155 creatures vanquished.

Notes
Turn   | Place    | Note
-------+----------+-------------------------------------------
     0 | D:1      | miau the Felid Conjurer began the quest for the Orb.
     0 | D:1      | Reached XP level 1. HP: 7/7 MP: 4/4
   395 | D:1      | Reached XP level 2. HP: 8/12 MP: 0/6
   570 | D:1      | Learned a level 2 spell: Searing Ray
  1294 | D:2      | Reached XP level 3. HP: 15/15 MP: 4/7
  1349 | D:2      | Found a bloodstained altar of Trog.
  1352 | D:2      | Found a transporter.
  1359 | D:2      | Found a transporter.
  1522 | D:2      | Reached skill level 1 in Unarmed Combat
  1532 | D:2      | Reached skill level 1 in Fighting
  1611 | D:2      | Learned a level 3 spell: Dazzling Spray
  1681 | D:2      | Noticed Robin
  1697 | D:2      | Killed Robin
  1697 | D:2      | Reached XP level 4. HP: 19/19 MP: 2/9
  2037 | D:2      | Found a faded altar of an unknown god.
  2598 | D:2      | Reached skill level 3 in Stealth
  2933 | D:2      | Gained mutation: You are frail. (-10% HP) [potion of
                  | mutation]
  2933 | D:2      | Gained mutation: Your system is resistant to poisons.
                  | (rPois) [potion of mutation]
  2945 | D:2      | Learned a level 3 spell: Dazzling Spray
  3037 | D:3      | Reached XP level 5. HP: 19/19 MP: 2/10
  4514 | D:4      | Noticed Ijyb
  4607 | D:4      | Killed Ijyb
  4815 | D:4      | Noticed a water moccasin
  4822 | D:4      | Killed a water moccasin
  4822 | D:4      | Gained mutation: You are covered in thick fur. (AC +2)
                  | [Felid growth]
  4822 | D:4      | Reached XP level 6. HP: 24/24 MP: 3/12
  4939 | D:3      | Reached skill level 4 in Stealth
  4945 | D:3      | Learned a level 4 spell: Iskenderun's Mystic Blast
  5288 | D:4      | Found a staircase to the Ecumenical Temple.
  5296 | Temple   | Entered the Ecumenical Temple
  5376 | Temple   | Became a worshipper of Vehumet
  5481 | D:4      | Reached XP level 7. HP: 27/27 MP: 4/14
  5767 | D:4      | Reached skill level 1 in Hexes
  6522 | D:5      | Entered Level 5 of the Dungeon
  7207 | D:4      | Reached skill level 1 in Evocations
  7900 | D:5      | Found a runed translucent door.
  7901 | D:5      | Noticed Crazy Yiuf
  7915 | D:5      | Killed Crazy Yiuf
  8449 | D:5      | Reached skill level 5 in Stealth
  8565 | D:6      | Reached skill level 5 in Dodging
  8759 | D:6      | Reached skill level 5 in Conjurations
  8937 | D:6      | Reached XP level 8. HP: 32/32 MP: 9/16
  9311 | D:6      | Found a sacrificial altar of Ru.
  9386 | D:6      | Reached skill level 5 in Spellcasting
  9496 | D:6      | Found Ovvul's Armour Shoppe.
  9891 | D:6      | Reached skill level 6 in Stealth
 10004 | D:6      | Reached skill level 5 in Fighting
 10262 | D:7      | Slain by a hog
 10263 | D:7      | Reached XP level 7. HP: -1/29 MP: 1/16
 10328 | D:7      | Reached * piety under Vehumet
 10328 | D:7      | Offered knowledge of Sting by Vehumet.
 10331 | D:7      | Reached skill level 7 in Stealth
 10334 | D:7      | Learned a level 1 spell: Sting
 10567 | D:7      | Found a runed translucent gate.
 10567 | D:7      | Found a runed translucent gate.
 10567 | D:7      | Found a runed translucent gate.
 10567 | D:7      | Noticed Akano's ghost (novice DDFi)
 10606 | D:7      | Reached XP level 8. HP: 33/33 MP: 9/17
 10674 | D:7      | Found an opulent altar of Gozag.
 10690 | D:7      | Upgraded the game from 0.24.0-125-gc4c63601f3 to 0.24.1
 10692 | D:7      | Noticed Joseph
 12003 | D:7      | Shot with a sling bullet by Joseph
 12004 | D:7      | Reached XP level 7. HP: -4/30 MP: 13/17
 12258 | D:7      | Shot with a sling bullet by Joseph

Levels and vault maps discovered:
D:1:      minmay_arrival_up_and_down, layout_rooms, due_unseen_surprise
D:2:      layout_loops_ring, gammafunk_temple_overflow_arena,
          chequers_ecumenical_altar_simple, serial_forest,
          infiniplex_forest_straight_2, infiniplex_forest_end_3,
          infiniplex_forest_corner_1, infiniplex_forest_clump_diagonal,
          infiniplex_forest_corner_1, infiniplex_forest_end_2,
          infiniplex_forest_diagonal, infiniplex_forest_lined_2,
          infiniplex_forest_corner_1, infiniplex_forest_lined_3, first_ration,
          uniq_robin
D:3:      layout_loops_corners, minmay_misc_feat_doors
D:4:      layout_basic, minmay_temple_entry_trees, uniq_ijyb
D:5:      layout_rooms, uniq_crazy_yiuf_cottage
D:6:      layout_rooms, nicolae_ru_sacrificial_ziggurat, serial_shops, shop
D:7:      layout_loops_corners, nicolae_overflow_crystal_walls,
          gammafunk_ghost_nasty_kobolds, grunt_livestock, uniq_joseph
D:8:      layout_layer_cave, minitemple, uniq_erica
Temple:   dshaligram_water_room_temple

Skill      XL: |  1  2  3  4  5  6  7  8 |
---------------+-------------------------+-----
Dodging        | 3 4 5 |  5.0
Conjurations   | 4 5 6 |  6.5
Unarmed Combat | 1 |  1.0
Fighting       | 1 2 3 4 5 |  5.8
Spellcasting   | 3 4 6 |  6.3
Stealth        | 3 4 7 6 |  7.0
Hexes          | 2 |  2.0
Evocations     | 1 |  1.0

Action                   |  1- 3 |  4- 6 |  7- 9 || total
-------------------------+-------+-------+-------++-------
Melee: Unarmed           |    21 |     1 |     5 ||    27
       Bite              |     1 |       |       ||     1
 Cast: Magic Dart        |    67 |   102 |   150 ||   319
       Searing Ray       |     7 |    16 |    49 ||    72
       Dazzling Spray    |       |     1 |    35 ||    36
       Iskenderun's Myst |       |       |     6 ||     6
       Sting             |       |       |     5 ||     5
  Use: Potion            |     4 |     4 |     3 ||    11
       Scroll            |     1 |     7 |     5 ||    13
 Stab: Sleeping          |     1 |       |       ||     1
  Eat: Chunk             |    10 |     8 |    20 ||    38
Armor: Skin              |     3 |     1 |     3 ||     7
Dodge: Dodged            |    26 |    19 |    99 ||   144
